 Dungeon Crawl Stone Soup version 0.27.1-33-g824d729ab1 (webtiles) character file.

Game seed: 2827678833446252703

95 zeram the Ducker (level 4, 0/23 HPs)
             Began as a Spriggan Fighter on Dec 30, 2021.
             Slain by an orc (6 damage)
             ... on level 3 of the Dungeon.
             The game lasted 00:02:35 (2901 turns).

zeram the Ducker (Spriggan Fighter)                 Turns: 2901, Time: 00:02:36

Health: 0/23       AC:  2    Str: 18    XL:     4   Next: 39%
Magic:  5/5        EV: 18    Int: 10    God:
Gold:   103        SH:  7    Dex: 14    Spells: 3/3 levels left

rFire    . . .     SeeInvis +   a - +0 rapier
rCold    . . .     Faith    .   c - +1 buckler
rNeg     . . .     Spirit   .   b - +0 robe
rPois    .         Reflect  .   (helmet restricted)
rElec    .         Harm     .   (no cloak)
rCorr    .         Rampage  .   (gloves unavailable)
Will     .....                  (boots unavailable)
Stlth    ++........             (no amulet)
HPRegen  0.07/turn              f - +6 ring of strength
MPRegen  0.09/turn              (no ring)

@: very quick
A: very small, no large weapons, unfitting armour, see invisible, speed 3
a: no special abilities


You were on level 3 of the Dungeon.
You visited 1 branch of the dungeon, and saw 3 of its levels.

You collected 103 gold pieces.

Inventory:

Hand Weapons
 a - a +0 rapier (weapon)
Armour
 b - a +0 robe (worn)
 c - a +1 buckler (worn)
Jewellery
 f - a +6 ring of strength (left hand)
Potions
 h - 2 potions of attraction
 i - 2 potions of haste {unknown}


   Skills:
 - Level 2.4 Fighting
 - Level 2.1 Short Blades
 + Level 5.6 Dodging
 + Level 2.5 Stealth
 + Level 2.9 Shields


You had 3 spell levels left.
You didn't know any spells.
Your spell library was empty.

Dungeon Overview and Level Annotations

Branches:
Dungeon (3/15)

Altars:


Innate Abilities, Weirdness & Mutations

You are very small and have problems with some larger weapons.
You are too small for most types of armour.
You have supernaturally acute eyesight. (SInv)
You cover ground extremely quickly. (Speed+++)


Message History

You hit the giant cockroach but do no damage.
The giant cockroach is moderately wounded.
The giant cockroach misses you.
The giant cockroach completely misses you.
You hit the giant cockroach.
The giant cockroach is almost dead.
You block the giant cockroach's attack.
You puncture the giant cockroach!
You kill the giant cockroach!
No target in view!
No target in view!
HP restored.
Things that are here:
a +0 club; a +0 leather armour; an orc corpse You open the door.
There is an open door here.
You open the door.
There is an open door here.
You now have 103 gold pieces (gained 7).
An orc comes into view. It is wielding a +0 mace.
An orc is nearby!
An orc is nearby!
An orc is nearby!
An orc is nearby!
The orc misses you.
You hit the orc.
The orc is lightly wounded.
The orc hits you with a +0 mace.
You hit the orc.
The orc is severely wounded.
The orc hits you with a +0 mace.
You closely miss the orc.
The orc is severely wounded.
You block the orc's attack.
You closely miss the orc.
The orc is severely wounded.
The orc hits you with a +0 mace!
* * * LOW HITPOINT WARNING * * *
The orc hits you with a +0 mace.
You die...

####+####
#.......#
#...o@..#
#..♣♣♣..# +..
♣..+ #..♣♣♣..#
#.......#
#.......# .#
####'#### .# ..
#.#####.#....
####.##.........


You could see an orc.

Vanquished Creatures
  3 adders
  A worm (D:2)
  2 dart slugs (D:2)
  9 orcs
  2 ball pythons
  2 bats
  5 endoplasms
  4 giant cockroaches
  4 hobgoblins
  3 jackals (D:2)
  4 kobolds
  2 quokkas
  2 frilled lizards
  5 rats
48 creatures vanquished.

Vanquished Creatures (others)
  4 fungi (D:2)
  6 plants (D:2)
10 creatures vanquished.

Grand Total: 58 creatures vanquished

Notes
Turn   | Place    | Note
-------+----------+-------------------------------------------
     0 | D:1      | zeram the Spriggan Fighter began the quest for the Orb.
     0 | D:1      | Reached XP level 1. HP: 11/11 MP: 2/2
   475 | D:1      | Reached XP level 2. HP: 15/16 MP: 3/3
   847 | D:2      | Reached skill level 1 in Stealth
  1105 | D:2      | Reached XP level 3. HP: 12/19 MP: 4/4
  1493 | D:2      | Reached skill level 5 in Dodging
  1763 | D:2      | Found a faded altar of an unknown god.
  1904 | D:2      | Reached XP level 4. HP: 17/23 MP: 5/5
  2901 | D:3      | Slain by an orc

Illustrated notes

Levels and vault maps discovered:
D:1:      minmay_arrival_jagged, layout_loops_ring
D:2:      layout_rooms, shapermc_ecumenical_altar_mp_ritualfount,
          minmay_misc_feat_tiny, chequers_serial_rivers_room_b
D:3:      layout_basic, mainiacjoe_overflow_surrounded_room,
          minmay_misc_feat_five, kennysheep_crisscross,
          kennysheep_generic_room_11, uniq_grinder

Skill      XL: |  1  2  3 |
---------------+----------+-----
Stealth        | 1 2 |  2.5
Dodging        | 5 |  5.6
Fighting       | |  2.4
Short Blades   | |  2.1
Shields        | |  2.9

Action                   |  1- 3 |  4- 6 || total
-------------------------+-------+-------++-------
Melee: Rapier            |   120 |    50 ||   170
  Use: Potion            |     1 |       ||     1
       Scroll            |       |     3 ||     3
 Stab: Sleeping          |     3 |     3 ||     6
Armor: Robe              |     4 |     5 ||     9
Dodge: Dodged            |    79 |    29 ||   108
Block: Buckler           |    33 |    16 ||    49
